 Dungeon Crawl Stone Soup version 0.28.0 (webtiles) character file.

Game seed: 899698275094076390

9 HallandMoats the Skirmisher (level 2, -2/24 HPs)
             Began as a Demonspawn Fighter on Feb 6, 2022.
             Slain by Terence (5 damage)
             ... on level 2 of the Dungeon.
             The game lasted 00:00:33 (875 turns).

HallandMoats the Skirmisher (Demonspawn Fighter)     Turns: 875, Time: 00:00:33

Health: -2/24      AC:  6    Str: 16    XL:     2   Next: 6%
Magic:  2/2        EV:  8    Int:  9    God:
Gold:   13         SH:  8    Dex: 12    Spells: 1/1 levels left

rFire   . . .      SeeInvis .   a - +0 war axe
rCold   . . .      Faith    .   c - +0 buckler
rNeg    . . .      Spirit   .   b - +0 scale mail
rPois   .          Reflect  .   (no helmet)
rElec   .          Harm     .   (no cloak)
rCorr   .          Rampage  .   (no gloves)
Will    .....                   (no boots)
Stlth   ..........              (no amulet)
HPRegen 0.08/turn               (no ring)
MPRegen 0.08/turn               (no ring)

@: no status effects
A: condensation shield
a: no special abilities


You were on level 2 of the Dungeon.
You visited 1 branch of the dungeon, and saw 2 of its levels.

You collected 13 gold pieces.

Inventory:

Hand Weapons
 a - a +0 war axe (weapon)
Missiles
 h - 2 throwing nets (quivered)
Armour
 b - a +0 scale mail (worn)
 c - a +0 buckler (worn)
Scrolls
 e - 4 scrolls of identify {unknown}
 g - a scroll of fog {unknown}
 i - a scroll of brand weapon {unknown}
 j - a scroll of magic mapping {unknown}
Potions
 d - a potion of might
 f - a potion of brilliance {unknown}


   Skills:
 * Level 3.1 Fighting
 * Level 2.0 Axes
 + Level 2.7 Armour
 + Level 0.2 Dodging
 + Level 2.7 Shields
 * Level 0.9 Invocations


You had one spell level left.
You didn't know any spells.
Your spell library contained the following spells:

 Spells                   Type           Power      Damage    Failure   Level
 Apportation              Tloc           0%         N/A       88%         1
 Alistair's Intoxication  Tmut/Pois      0%         N/A       100%        5


Dungeon Overview and Level Annotations

Branches:
Dungeon (2/15)

Altars:

Annotations:
D:2 Sigmund, Terence


Innate Abilities, Weirdness & Mutations

A meltable shield of frost defends you. (SH +4)


Message History

A kobold is nearby!
A kobold is nearby!
You slash the kobold!
You kill the kobold!
Your Axes skill increases to level 2!
You have reached level 2!
Your demonic ancestry asserts itself...
Frost condenses into a shield before you.
You see here a +0 whip.
A goblin comes into view. It is wielding a +0 club.
The goblin shouts!
Terence the Incautious comes into view.
He is wielding a +0 flail.
There are monsters nearby!
Terence shouts!
The goblin hits you but does no damage.
There are monsters nearby!
You barely miss the goblin.
Sigmund the Dreaded comes into view.
He is wielding a +0 scythe.
You block the goblin's attack.
There are monsters nearby!
You barely miss the goblin.
Sigmund shouts!
The goblin hits you with a +0 club.
Sigmund gestures wildly while chanting.
Sigmund flickers and vanishes!
Deactivating autopickup; reactivate with Ctrl-A.
The goblin hits you but does no damage.
Okay, then.
You barely miss the goblin. You block the goblin's attack.
You hit the goblin but do no damage. The goblin hits you with a +0 club.
You block the goblin's attack.
You hit the goblin.
You kill the goblin!
You block Terence's attack.
You closely miss Terence. Something hits you. Terence hits you with a +0 flail!
* * * LOW HITPOINT WARNING * * *
You hit Terence.
Terence is moderately wounded.
Terence hits you with a +0 flail.
You die...

#####
.)..##############
###..............#
##############.#
#@# ###### #@#
...... #{# ....##
... ###.# #.. # ..
.### # . # . #####


You could see Terence.

Vanquished Creatures
  A ball python (D:1)
  2 endoplasms (D:1)
  A goblin (D:2)
  2 kobolds (D:2)
  2 frilled lizards (D:1)
  A rat (D:1)
9 creatures vanquished.

Notes
Turn   | Place    | Note
-------+----------+-------------------------------------------
     0 | D:1      | HallandMoats the Demonspawn Fighter began the quest for the
                  | Orb.
     0 | D:1      | Reached XP level 1. HP: 18/18 MP: 1/1
   851 | D:2      | Gained mutation: A meltable shield of frost defends you.
                  | (SH +4) [demonic ancestry]
   851 | D:2      | Reached XP level 2. HP: 24/24 MP: 2/2
   867 | D:2      | Noticed Terence
   869 | D:2      | Noticed Sigmund
   875 | D:2      | Slain by Terence

Illustrated notes

Levels and vault maps discovered:
D:1:      dpeg_arrival_tiny_a, layout_basic
D:2:      layout_loops_ring, basic_ecumenical_altar, uniq_natasha, uniq_sigmund,
          uniq_terence

Skill      XL: |  1 |
---------------+----+-----
Axes           | 2 |  2.0
Fighting       | |  3.1
Armour         | |  2.7
Dodging        | |  0.2
Shields        | |  2.7
Invocations    | |  0.9

Action                   || total
-------------------------++-------
Melee: War axe           ||    30
Armor: Scale mail        ||     7
Dodge: Dodged            ||    11
Block: Buckler           ||     9
